 Dungeon Crawl Stone Soup version 0.29.0-4-gdea44cf6ec (webtiles) character file.

Game seed: 12567117489465700701

13627 qw the Severer (level 10, 0/75 (91) HPs)
             Began as a Minotaur Fighter on Sept 6, 2022.
             Was a Priest of Ru.
             Succumbed to a cane toad's poison
             ... on level 1 of the Lair of Beasts.
             The game lasted 00:04:44 (13127 turns).

qw the Severer (Minotaur Fighter)                  Turns: 13127, Time: 00:04:44

HP:   0/75 (91)     AC: 17    Str: 25    XL:     10   Next: 78%
MP:   9/9           EV: 10    Int:  5    God:    Ru [***...]
Gold: 395           SH: 10    Dex: 10    Spells: 9/9 levels left

rFire   + . .      SeeInvis .   Y - +2 war axe (elec)
rCold   + . .      Faith    .   c - +0 kite shield
rNeg    . . .      Spirit   .   b - +0 plate armour
rPois   .          Reflect  .   (helmet restricted)
rElec   .          Harm     .   (no cloak)
rCorr   .          Rampage  .   i - +2 pair of gloves
Will    .....                   j - +0 pair of boots
Stlth   ..........              (no amulet)
HPRegen 0.22/turn               k - +4 ring of evasion
MPRegen 0.11/turn               a - ring of protection from fire

@: lethally poisoned (0 -> -9), exhausted, heavily drained
A: horns 2, unskilled 1, inexperienced 1, retaliatory headbutt, claws 1, cold
resistance 1
a: Renounce Religion, Draw Out Power


You were on level 1 of the Lair of Beasts.
You worshipped Ru.
Ru was most pleased with you.
You visited 3 branches of the dungeon, and saw 12 of its levels.

You collected 545 gold pieces.
You spent 150 gold pieces at shops.


Innate Abilities, Weirdness & Mutations

You have a pair of horns on your head.
You are somewhat unskilled. (-1 Apt)
You are somewhat inexperienced. (-1 XL)
You reflexively headbutt those who attack you in melee.
You have sharp fingernails.
Your flesh is cold resistant. (rC+)


   Skills:
 - Level 9.1 Fighting
 - Level 15.0 Axes
 - Level 2.1 Throwing
 + Level 7.1 Armour
 - Level 2.1 Dodging
 - Level 10.0 Shields


You had 9 spell levels left.
You didn't know any spells.
Your spell library was empty.

Inventory:

Hand Weapons
 u - a +0 demon whip of venom
 Y - a +2 war axe of electrocution (weapon)
Missiles
 s - 10 boomerangs (quivered)
Armour
 b - a +0 plate armour (worn)
 c - a +0 kite shield (worn)
 i - a +2 pair of gloves (worn)
 j - a +0 pair of boots (worn)
 r - a +4 ring mail of fire resistance
Jewellery
 a - a ring of protection from fire (right hand)
 g - a ring of ice
 k - a +4 ring of evasion (left hand)
 l - a ring of willpower
 o - a +3 ring of strength
Scrolls
 h - 4 scrolls of identify
Potions
 d - 2 potions of might
 e - 2 potions of haste
 f - a potion of cancellation
 m - 4 potions of curing
 q - a potion of mutation

Dungeon Overview and Level Annotations

Branches:
Dungeon (10/15)            Temple (1/1) D:7            Lair (1/5) D:8
    Orc: D:9-12

Altars:
Ashenzari
Cheibriados
Dithmenos
Elyvilon
Fedhas
Gozag
Hepliaklqana
Kikubaaqudgha
Makhleb
Nemelex Xobeh
Okawaru
Qazlal
Ru
Sif Muna
Trog
Uskayaw
Vehumet
Wu Jian
Xom
Yredelemnul
Zin
The Shining One

Shops:
D:5 =   D:7 :

Annotations:
D:3 2 transporters, qw's ghost, amateur GrBe
Lair:1 Nergalle


Message History

The spectral orc knight disappears in a puff of smoke!
You hit the spectral orc warrior but do no damage.
You hit Nergalle but do no damage. You hit the spectral orc.
You hit the spectral orc warrior.
You destroy the spectral orc warrior!
The spectral orc warrior disappears in a puff of smoke!
You completely miss the spectral orc.
You feel very sick.
You block the spectral orc warrior's attack.
Nergalle shouts, "Kill, kill, my pretties!"
Nergalle gestures at the spectral orc while chanting.
The spectral orc seems to speed up.
The spectral orc hits you but does no damage.
The spectral orc is stunned by your conviction and fails to attack.
The spectral orc warrior hits you but does no damage.
You slash the spectral orc warrior!
You destroy the spectral orc warrior!
The spectral orc warrior disappears in a puff of smoke!
You slash the spectral orc!
You destroy the spectral orc!
The spectral orc disappears in a puff of smoke!
You hit Nergalle. You hit the spectral orc.
Lightning courses through the spectral orc!
You destroy the spectral orc!
The spectral orc disappears in a puff of smoke!
You hit the spectral orc warrior.
You feel very sick. You block Nergalle's attack.
The spectral orc warrior hits you with a +0 short sword!
The spectral orc warrior hits you but does no damage.
You closely miss Nergalle.
Nergalle is lightly wounded.
You hit the spectral orc warrior but do no damage.
Lightning courses through the spectral orc warrior!
You feel sick. Nergalle misses you.
The spectral orc warrior hits you with a +0 short sword.
You barely miss the spectral orc warrior.
The spectral orc warrior is severely damaged.
You barely miss Nergalle.
You die...

......o?.......
#.....)........
##.............. #
.#.............
..##..............
...... #.<.....#
......###......##
.......#o.....##
.....¤¤@¤.....#
........Z.#...#
.....Z..P###...#
........## ..##
........# ...#
.......## .##
....... ......#


You could see Nergalle and 2 spectral orc warriors.

Vanquished Creatures
  Erica (D:9)
  An ogre mage (D:10)
  3 two-headed ogres (D:9)
  Amaemon (D:9)
  An ugly thing (D:10)
  A cyclops (D:10)
  An orange demon (D:9)
  A cane toad (Lair:1)
  An unseen horror (D:10)
  2 komodo dragons
  Maggie (D:8)
  A troll (D:10)
  3 slime creatures (D:9)
  Sigmund (D:2)
  2 wraiths
  2 wyverns
  5 yaks
  2 steam dragons
  A basilisk (D:10)
  Menkaure (D:5)
  Edmund (D:4)
  7 water moccasins
  An ice beast (D:6)
  7 orc warriors
  2 ogres (D:6)
  5 black bears
  2 centaurs
  2 kobold brigands
  2 gnoll sergeants (D:6)
  6 bullfrogs
  3 scorpions
  6 wights
  6 killer bees (D:9)
  An electric eel (D:10)
  5 howler monkeys
  8 orc priests
  2 hounds
  2 jellies (D:5)
  Jessica (D:3)
  2 iguanas
  8 orc wizards
  Robin (D:1)
  19 gnolls
  9 adders
  A white imp (D:7)
  An ufetubus (D:5)
  5 dart slugs
  39 orcs
  4 endoplasms
  4 giant cockroaches
  20 goblins
  15 hobgoblins
  7 jackals
  14 kobolds
  2 quokkas
  A ball python (D:2)
  8 bats
  2 frilled lizards (D:1)
  7 rats
270 creatures vanquished.

Vanquished Creatures (others)
  29 fungi (D:8)
  36 plants
65 creatures vanquished.

Grand Total: 335 creatures vanquished

Notes
Turn   | Place    | Note
-------+----------+-------------------------------------------
     0 | D:1      | qw the Minotaur Fighter began the quest for the Orb.
     0 | D:1      | Reached XP level 1. HP: 19/19 MP: 0/0
     0 | D:1      | 0 ||| qw: Version: 0.1-a-108-g9e35731
     0 | D:1      | 0 ||| qw: Game counter: 6299
     0 | D:1      | 0 ||| qw: Always use a shield: true
     0 | D:1      | 0 ||| qw: God list: Ru
     0 | D:1      | 0 ||| qw: Allow faded altars: false
     0 | D:1      | 0 ||| qw: Do Orc after D:15 true
     0 | D:1      | 0 ||| qw: Do second Lair branch before Depths: true
     0 | D:1      | 0 ||| qw: Lair rune preference: random
     0 | D:1      | 0 ||| qw: Plans: Normal
     0 | D:1      | 0 ||| PLANNING D:1-11
   156 | D:1      | Reached skill level 3 in Axes
   240 | D:1      | 240 ||| Stepping ~*~*~tactically~*~*~ (stealth).
   241 | D:1      | 241 ||| Stepping ~*~*~tactically~*~*~ (stealth).
   243 | D:1      | 243 ||| Stepping ~*~*~tactically~*~*~ (stealth).
   247 | D:1      | Reached XP level 2. HP: 23/26 MP: 1/1
   417 | D:1      | Reached skill level 4 in Axes
   425 | D:1      | 425 ||| Stepping ~*~*~tactically~*~*~ (stealth).
   614 | D:1      | 614 ||| UPGRADING to +0 pair of gloves.
   619 | D:1      | 619 ||| UPGRADING to +4 ring of evasion.
   620 | D:1      | 620 ||| READING 2 scrolls labelled FYESHYROSM.
   621 | D:1      | 621 ||| READING scroll labelled BOBERHOIL.
   622 | D:1      | 622 ||| DROPPING scroll of amnesia.
   644 | D:2      | Noticed Robin
   644 | D:2      | Found a blossoming altar of Fedhas.
   645 | D:2      | 645 ||| STAIRDANCE
   648 | D:1      | Reached XP level 3. HP: 26/31 MP: 2/2
   695 | D:2      | 695 ||| STAIRDANCE
   780 | D:2      | 780 ||| STAIRDANCE
   785 | D:1      | Killed Robin
   793 | D:2      | Reached skill level 5 in Axes
   797 | D:2      | 797 ||| FLEEEEING.
   798 | D:2      | 798 ||| FLEEEEING.
   799 | D:2      | 799 ||| STAIRDANCE
   903 | D:2      | Reached skill level 1 in Dodging
   903 | D:2      | Reached XP level 4. HP: 39/39 MP: 3/3
   916 | D:2      | 916 ||| Stepping ~*~*~tactically~*~*~ (stealth).
   984 | D:2      | 984 ||| Stepping ~*~*~tactically~*~*~ (stealth).
   985 | D:2      | 985 ||| Stepping ~*~*~tactically~*~*~ (stealth).
  1281 | D:2      | Noticed Sigmund
  1282 | D:2      | 1282 ||| Stepping ~*~*~tactically~*~*~ (hiding).
  1283 | D:2      | 1283 ||| Stepping ~*~*~tactically~*~*~ (hiding).
  1291 | D:2      | HP: 6/39 [Sigmund/+2 scythe of freezing (8)]
  1292 | D:2      | 1292 ||| DRINKING potion of heal wounds.
  1294 | D:2      | Killed Sigmund
  1295 | D:2      | Reached skill level 7 in Axes
  1295 | D:2      | Reached XP level 5. HP: 41/45 MP: 4/4
  1423 | D:2      | 1423 ||| READING 2 scrolls labelled NAMAAT GAJUDE.
  1424 | D:2      | 1424 ||| READING scroll of enchant armour.
  1424 | D:2      | 1424 ||| ENCHANTING +0 pair of gloves.
  1425 | D:2      | 1425 ||| READING 3 scrolls labelled GUZIQ PIEDDE.
  1426 | D:2      | 1426 ||| READING scroll labelled GEUXOSOCRUSK.
  1427 | D:2      | 1427 ||| READING scroll labelled WEMACE MOWE.
  1428 | D:2      | 1428 ||| READING scroll labelled PEUTUERGHE ZOIMPOM.
  1428 | D:2      | Identified a scroll of acquirement
  1428 | D:2      | 1428 ||| ACQUIRING +0 buckler of the Buccaneer {+Inv Will+}
  1428 | D:2      | Acquired the +0 buckler of the Buccaneer {+Inv Will+}
  1430 | D:2      | 1430 ||| UPGRADING to +0 buckler of the Buccaneer {+Inv
                  | Will+}.
  1440 | D:2      | 1440 ||| DROPPING +0 buckler.
  1441 | D:2      | 1441 ||| READING scroll labelled LOAVO GIGRETY.
  1444 | D:2      | 1444 ||| DRINKING 2 fizzy cyan potions.
  1445 | D:2      | 1445 ||| READING 2 scrolls of identify.
  1445 | D:2      | 1445 ||| IDENTIFYING puce potion
  1446 | D:2      | 1446 ||| DROPPING potion of brilliance.
  1499 | D:3      | 1499 ||| DROPPING +0 club.
  1605 | D:3      | Noticed Jessica
  1609 | D:3      | Killed Jessica
  1610 | D:3      | Reached XP level 6. HP: 51/52 MP: 5/5
  1654 | D:3      | 1654 ||| Stepping ~*~*~tactically~*~*~ (hiding).
  1686 | D:3      | Found a transporter.
  1693 | D:3      | Noticed qw's ghost (amateur GrBe)
  1745 | D:3      | 1745 ||| DROPPING +0 whip.
  1770 | D:3      | 1770 ||| READING scroll of acquirement.
  1770 | D:3      | 1770 ||| ACQUIRING +1 plate armour of the Evening {Rampage
                  | Str-4 Dex-4 Stlth+}
  1770 | D:3      | Acquired the +1 plate armour of the Evening {Rampage Str-4
                  | Dex-4 Stlth+}
  1772 | D:3      | 1772 ||| UPGRADING to +1 plate armour of the Evening
                  | {Rampage Str-4 Dex-4 Stlth+}.
  1782 | D:3      | 1782 ||| DROPPING +0 scale mail.
  1785 | D:3      | 1785 ||| Stepping ~*~*~tactically~*~*~ (hiding).
  1927 | D:3      | Found a faded altar of an unknown god.
  2096 | D:3      | Found a transporter.
  2265 | D:3      | 2265 ||| DRINKING 2 viscous dark potions.
  2266 | D:3      | 2266 ||| DRINKING 2 black potions.
  2266 | D:3      | Gained mutation: You have sharp fingernails. [potion of
                  | mutation]
  2266 | D:3      | Gained mutation: Your flesh is cold resistant. (rC+)
                  | [potion of mutation]
  2267 | D:3      | 2267 ||| DROPPING potion of flight.
  2384 | D:4      | Found a blossoming altar of Fedhas.
  2519 | D:4      | Found a shadowy altar of Dithmenos.
  2555 | D:4      | Noticed Edmund
  2560 | D:4      | 2560 ||| Stepping ~*~*~tactically~*~*~ (stealth).
  2572 | D:4      | 2572 ||| Stepping ~*~*~tactically~*~*~ (stealth).
  2577 | D:4      | Killed Edmund
  2578 | D:4      | Reached skill level 8 in Axes
  2581 | D:4      | Reached skill level 9 in Axes
  2581 | D:4      | Reached XP level 7. HP: 50/59 MP: 6/6
  2630 | D:4      | 2630 ||| DROPPING +0 flail.
  2823 | D:4      | 2823 ||| FLEEEEING.
  2824 | D:4      | 2824 ||| FLEEEEING.
  2825 | D:4      | 2825 ||| FLEEEEING.
  2826 | D:4      | 2826 ||| FLEEEEING.
  2827 | D:4      | 2827 ||| FLEEEEING.
  2828 | D:4      | 2828 ||| FLEEEEING.
  2829 | D:4      | 2829 ||| FLEEEEING.
  2830 | D:4      | 2830 ||| FLEEEEING.
  2831 | D:4      | 2831 ||| FLEEEEING.
  2832 | D:4      | 2832 ||| FLEEEEING.
  2833 | D:4      | 2833 ||| FLEEEEING.
  2834 | D:4      | 2834 ||| FLEEEEING.
  2835 | D:4      | 2835 ||| FLEEEEING.
  2836 | D:4      | 2836 ||| FLEEEEING.
  2840 | D:4      | 2840 ||| FLEEEEING.
  2841 | D:4      | 2841 ||| FLEEEEING.
  2842 | D:4      | 2842 ||| FLEEEEING.
  2843 | D:4      | 2843 ||| FLEEEEING.
  2844 | D:4      | 2844 ||| FLEEEEING.
  2845 | D:4      | 2845 ||| FLEEEEING.
  2846 | D:4      | 2846 ||| FLEEEEING.
  2847 | D:4      | 2847 ||| FLEEEEING.
  2848 | D:4      | 2848 ||| FLEEEEING.
  2849 | D:4      | 2849 ||| FLEEEEING.
  2850 | D:4      | 2850 ||| FLEEEEING.
  2852 | D:4      | 2852 ||| FLEEEEING.
  2853 | D:4      | 2853 ||| FLEEEEING.
  2854 | D:4      | 2854 ||| FLEEEEING.
  2855 | D:4      | 2855 ||| FLEEEEING.
  2856 | D:4      | 2856 ||| FLEEEEING.
  2861 | D:4      | 2861 ||| FLEEEEING.
  2862 | D:4      | 2862 ||| FLEEEEING.
  2863 | D:4      | 2863 ||| FLEEEEING.
  2864 | D:4      | 2864 ||| FLEEEEING.
  2865 | D:4      | 2865 ||| FLEEEEING.
  2866 | D:4      | 2866 ||| FLEEEEING.
  2867 | D:4      | 2867 ||| FLEEEEING.
  2868 | D:4      | 2868 ||| FLEEEEING.
  2872 | D:4      | 2872 ||| FLEEEEING.
  2873 | D:4      | 2873 ||| FLEEEEING.
  2874 | D:4      | 2874 ||| FLEEEEING.
  2875 | D:4      | 2875 ||| STAIRDANCE
  2904 | D:3      | 2904 ||| READING scroll labelled TITOITI IMUPIMM.
  2905 | D:3      | 2905 ||| READING 2 scrolls of identify.
  2905 | D:3      | 2905 ||| IDENTIFYING bubbling green potion
  2906 | D:3      | 2906 ||| DROPPING potion of lignification.
  2926 | D:4      | 2926 ||| Stepping ~*~*~tactically~*~*~ (hiding).
  3354 | D:5      | Entered Level 5 of the Dungeon
  3443 | D:5      | Noticed a steam dragon
  3445 | D:5      | 3445 ||| FLEEEEING.
  3456 | D:5      | HP: 13/61 [steam dragon] (9)]
  3457 | D:5      | 3457 ||| DRINKING 2 potions of heal wounds.
  3463 | D:5      | Killed a steam dragon
  3622 | D:5      | Found a shimmering altar of Xom.
  3642 | D:5      | Reached skill level 10 in Axes
  3860 | D:5      | 3860 ||| Stepping ~*~*~tactically~*~*~ (hiding).
  3864 | D:5      | 3864 ||| Stepping ~*~*~tactically~*~*~ (stealth).
  3871 | D:5      | Reached skill level 1 in Throwing
  3874 | D:5      | Reached XP level 8. HP: 60/68 MP: 7/7
  3954 | D:5      | Noticed Menkaure
  3961 | D:5      | Killed Menkaure
  4199 | D:5      | Found a glowing golden altar of the Shining One.
  4282 | D:5      | 4282 ||| Stepping ~*~*~tactically~*~*~ (stealth).
  4306 | D:5      | Found Exzion's One-of-a-Kind Rings.
  4311 | D:5      | 4311 ||| SHOPLISTING +10 ring of strength (1365 gold, have
                  | 245).
  4311 | D:5      | 4311 ||| BUYING +3 ring of strength (150 gold).
  4311 | D:5      | Bought a +3 ring of strength for 150 gold pieces
  4311 | D:5      | 4311 ||| SHOPLISTING +6 ring of evasion (1170 gold, have
                  | 95).
  4311 | D:5      | 4311 ||| SHOPLISTING +9 ring of dexterity (1170 gold, have
                  | 95).
  4311 | D:5      | 4311 ||| SHOPLISTING ring "Wuceapun" {Will++ rCorr Int+6}
                  | (939 gold, have 95).
  4311 | D:5      | 4311 ||| SHOPLISTING ring of Leageili {rElec rC+ Will+}
                  | (669 gold, have 95).
  4705 | D:5      | 4705 ||| UPGRADING to ring of protection from fire.
  4706 | D:5      | 4706 ||| READING scroll labelled HYONAD EVAI.
  4707 | D:5      | 4707 ||| DRINKING 2 orange potions.
  4708 | D:5      | 4708 ||| READING 3 scrolls of identify.
  4708 | D:5      | 4708 ||| IDENTIFYING dark potion
  4709 | D:5      | 4709 ||| READING 2 scrolls of identify.
  4709 | D:5      | 4709 ||| IDENTIFYING bubbling emerald potion
  4710 | D:5      | 4710 ||| DROPPING potion of magic.
  4711 | D:5      | 4711 ||| DROPPING potion of berserk rage.
  4790 | D:6      | 4790 ||| Stepping ~*~*~tactically~*~*~ (stealth).
  4791 | D:6      | 4791 ||| Stepping ~*~*~tactically~*~*~ (stealth).
  4792 | D:6      | 4792 ||| Stepping ~*~*~tactically~*~*~ (stealth).
  4812 | D:6      | Reached skill level 6 in Fighting
  5051 | D:6      | HP: 13/71 [wraith (7)]
  5331 | D:6      | You fall into a shaft and drop 1 floor!
  5339 | D:7      | 5339 ||| Stepping ~*~*~tactically~*~*~ (hiding).
  5345 | D:7      | 5345 ||| Stepping ~*~*~tactically~*~*~ (stealth).
  5346 | D:7      | 5346 ||| Stepping ~*~*~tactically~*~*~ (stealth).
  5377 | D:7      | Reached skill level 11 in Axes
  5558 | D:7      | 5558 ||| Stepping ~*~*~tactically~*~*~ (stealth).
  5578 | D:7      | Found a staircase to the Ecumenical Temple.
  5579 | D:7      | 5579 ||| PLANNING TEMPLE
  5579 | D:7      | 5579 ||| UPGRADING to +0 plate armour.
  5589 | D:7      | 5589 ||| DROPPING +1 plate armour of the Evening {Rampage
                  | Str-4 Dex-4 Stlth+}.
  5590 | D:7      | 5590 ||| UPGRADING to +0 pair of boots.
  5603 | Temple   | Entered the Ecumenical Temple
  5675 | Temple   | 5675 ||| PLANNING D:1-11
  5701 | D:7      | 5701 ||| Stepping ~*~*~tactically~*~*~ (hiding).
  5757 | D:7      | Found Julaamak's Book Shoppe.
  5771 | D:7      | 5771 ||| Stepping ~*~*~tactically~*~*~ (hiding).
  5972 | D:6      | 5972 ||| Stepping ~*~*~tactically~*~*~ (hiding).
  5983 | D:6      | 5983 ||| Stepping ~*~*~tactically~*~*~ (hiding).
  5995 | D:6      | 5995 ||| Stepping ~*~*~tactically~*~*~ (hiding).
  6137 | D:6      | 6137 ||| Stepping ~*~*~tactically~*~*~ (stealth).
  6141 | D:6      | 6141 ||| Stepping ~*~*~tactically~*~*~ (stealth).
  6143 | D:6      | Reached skill level 12 in Axes
  6143 | D:6      | Reached XP level 9. HP: 77/77 MP: 8/8
  6159 | D:6      | Reached skill level 6 in Armour
  6159 | D:6      | 6159 ||| FLEEEEING.
  6221 | D:6      | 6221 ||| FLEEEEING.
  6398 | D:6      | 6398 ||| DROPPING +0 flail of protection.
  6445 | D:6      | Identified the +9 trident of Gloom {flame, rC+ Int+3}
  6762 | D:6      | 6762 ||| Stepping ~*~*~tactically~*~*~ (hiding).
  7073 | D:6      | 7073 ||| UPGRADING to +0 kite shield.
  7083 | D:6      | 7083 ||| DROPPING +0 buckler of the Buccaneer {+Inv Will+}.
  7084 | D:6      | 7084 ||| READING scroll labelled GAUFOH TIOT.
  7085 | D:6      | 7085 ||| READING 2 scrolls of identify.
  7085 | D:6      | 7085 ||| IDENTIFYING ruby potion
  7086 | D:6      | 7086 ||| DROPPING potion of degeneration.
  7135 | D:7      | Found a hide-covered altar of Uskayaw.
  7411 | D:7      | Found a sacrificial altar of Ru.
  7474 | D:7      | Became a worshipper of Ru the Awakened
  7496 | D:7      | Found a hazy altar of Hepliaklqana.
  7546 | D:7      | Reached skill level 6 in Shields
  8057 | D:8      | 8057 ||| Stepping ~*~*~tactically~*~*~ (stealth).
  8059 | D:8      | 8059 ||| Stepping ~*~*~tactically~*~*~ (hiding).
  8138 | D:8      | Found a broken altar of Ashenzari.
  8194 | D:8      | Noticed a komodo dragon
  8203 | D:8      | Killed a komodo dragon
  8217 | D:8      | Reached skill level 9 in Shields
  8236 | D:8      | Reached XP level 10. HP: 50/86 MP: 9/9
  8261 | D:8      | 8261 ||| FLEEEEING.
  8262 | D:8      | 8262 ||| FLEEEEING.
  8397 | D:8      | Found a staircase to the Lair.
  8476 | D:8      | 8476 ||| Stepping ~*~*~tactically~*~*~ (hiding).
  8478 | D:8      | 8478 ||| Stepping ~*~*~tactically~*~*~ (hiding).
  8488 | D:8      | 8488 ||| Stepping ~*~*~tactically~*~*~ (stealth).
  8506 | D:8      | 8506 ||| Stepping ~*~*~tactically~*~*~ (hiding).
  8508 | D:8      | 8508 ||| Stepping ~*~*~tactically~*~*~ (hiding).
  8516 | D:8      | Reached skill level 13 in Axes
  8927 | D:8      | Noticed Maggie
  8928 | D:8      | 8928 ||| FLEEEEING.
  8934 | D:8      | 8934 ||| FLEEEEING.
  8935 | D:8      | 8935 ||| FLEEEEING.
  8936 | D:8      | 8936 ||| FLEEEEING.
  8937 | D:8      | 8937 ||| FLEEEEING.
  8938 | D:8      | 8938 ||| FLEEEEING.
  8939 | D:8      | 8939 ||| FLEEEEING.
  8940 | D:8      | 8940 ||| FLEEEEING.
  8952 | D:8      | 8952 ||| FLEEEEING.
  8953 | D:8      | 8953 ||| FLEEEEING.
  8954 | D:8      | 8954 ||| FLEEEEING.
  8972 | D:8      | Killed Maggie
  9077 | D:8      | 9077 ||| Stepping ~*~*~tactically~*~*~ (stealth).
  9097 | D:8      | 9097 ||| INVOKING Sacrifice Skill.
  9097 | D:8      | Gained mutation: You are somewhat unskilled. (-1 Apt) [Ru
                  | sacrifice]
  9097 | D:8      | Reduced skill Fighting to level 6
  9097 | D:8      | Reduced skill Axes to level 12
  9097 | D:8      | Reduced skill Armour to level 6
  9097 | D:8      | Reached * piety under Ru
  9101 | D:8      | 9101 ||| Stepping ~*~*~tactically~*~*~ (stealth).
  9124 | D:8      | 9124 ||| Stepping ~*~*~tactically~*~*~ (hiding).
  9125 | D:8      | 9125 ||| Stepping ~*~*~tactically~*~*~ (hiding).
  9509 | D:8      | 9509 ||| READING scroll labelled KYJAHO FIMEEM.
  9510 | D:8      | 9510 ||| READING scroll labelled HUIDYGGIKOI.
  9545 | D:9      | 9545 ||| STAIRDANCE
  9575 | D:9      | Found a burning altar of Makhleb.
  9602 | D:9      | Noticed Erica
  9603 | D:9      | 9603 ||| Stepping ~*~*~tactically~*~*~ (hiding).
  9604 | D:9      | 9604 ||| Stepping ~*~*~tactically~*~*~ (hiding).
  9621 | D:9      | Killed Erica
  9622 | D:9      | Reached skill level 9 in Shields
  9747 | D:9      | 9747 ||| Stepping ~*~*~tactically~*~*~ (stealth).
  9765 | D:9      | Noticed a two-headed ogre
  9773 | D:9      | 9773 ||| Stepping ~*~*~tactically~*~*~ (stealth).
  9774 | D:9      | Killed a two-headed ogre
  9784 | D:9      | 9784 ||| Stepping ~*~*~tactically~*~*~ (stealth).
 10053 | D:9      | 10053 ||| Stepping ~*~*~tactically~*~*~ (stealth).
 10075 | D:9      | Noticed a two-headed ogre
 10085 | D:9      | Killed a two-headed ogre
 10086 | D:9      | Reached skill level 13 in Axes
 10411 | D:9      | 10411 ||| READING scroll of enchant armour.
 10411 | D:9      | 10411 ||| ENCHANTING +1 pair of gloves.
 10538 | D:9      | Noticed a two-headed ogre
 10546 | D:9      | HP: 18/86 [two-headed ogre/+0 dire flail (7)]
 10547 | D:9      | 10547 ||| READING scroll of teleportation.
 10548 | D:9      | 10548 ||| DRINKING 2 potions of heal wounds.
 10549 | D:9      | Killed a two-headed ogre
 10550 | D:9      | Reached XP level 11. HP: 55/94 MP: 10/10
 11350 | D:9      | 11350 ||| Stepping ~*~*~tactically~*~*~ (stealth).
 11473 | D:9      | Noticed Amaemon
 11482 | D:9      | Killed Amaemon
 11483 | D:9      | Reached skill level 14 in Axes
 11614 | D:9      | 11614 ||| DROPPING +0 morningstar.
 11651 | D:9      | 11651 ||| READING 2 scrolls labelled ECAHEU OPPOOLU.
 11652 | D:9      | 11652 ||| READING scroll of enchant weapon.
 11652 | D:9      | 11652 ||| ENCHANTING +1 war axe of electrocution.
 11653 | D:9      | 11653 ||| READING 5 scrolls of identify.
 11653 | D:9      | 11653 ||| IDENTIFYING sedimented emerald potion
 11654 | D:9      | 11654 ||| DROPPING potion of ambrosia.
 11697 | D:10     | Entered Level 10 of the Dungeon
 11716 | D:10     | 11716 ||| Stepping ~*~*~tactically~*~*~ (hiding).
 11840 | D:10     | Found a stormy altar of Qazlal.
 11992 | D:10     | 11992 ||| Stepping ~*~*~tactically~*~*~ (hiding).
 11995 | D:10     | Noticed an ogre mage
 12001 | D:10     | Killed an ogre mage
 12071 | D:10     | Identified the +2 trident "qw's Regret" {flame, rElec
                  | Stlth+}
 12141 | D:10     | 12141 ||| Stepping ~*~*~tactically~*~*~ (stealth).
 12149 | D:10     | 12149 ||| FLEEEEING.
 12150 | D:10     | 12150 ||| FLEEEEING.
 12216 | D:10     | Noticed a two-headed ogre
 12217 | D:10     | 12217 ||| FLEEEEING.
 12393 | D:10     | 12393 ||| INVOKING Sacrifice Experience.
 12393 | D:10     | Gained mutation: You are somewhat inexperienced. (-1 XL)
                  | [Ru sacrifice]
 12393 | D:10     | Reached XP level 10. HP: 88/88 MP: 9/9
 12393 | D:10     | Reached ** piety under Ru
 12393 | D:10     | Reached *** piety under Ru
 12415 | D:10     | Identified the +6 quarterstaff of Eternal Harmony {protect,
                  | Contam rC+ Int+2 Stlth+}
 12422 | D:10     | 12422 ||| FLEEEEING.
 12559 | D:10     | Reached skill level 15 in Axes
 12559 | D:10     | 12559 ||| FLEEEEING.
 12560 | D:10     | 12560 ||| FLEEEEING.
 12561 | D:10     | 12561 ||| FLEEEEING.
 12562 | D:10     | 12562 ||| FLEEEEING.
 12563 | D:10     | 12563 ||| FLEEEEING.
 12564 | D:10     | 12564 ||| FLEEEEING.
 12565 | D:10     | 12565 ||| FLEEEEING.
 12566 | D:10     | 12566 ||| FLEEEEING.
 12567 | D:10     | 12567 ||| FLEEEEING.
 12568 | D:10     | 12568 ||| FLEEEEING.
 12569 | D:10     | 12569 ||| FLEEEEING.
 12570 | D:10     | 12570 ||| FLEEEEING.
 12571 | D:10     | 12571 ||| FLEEEEING.
 12572 | D:10     | 12572 ||| FLEEEEING.
 12573 | D:10     | 12573 ||| STAIRDANCE
 12692 | D:9      | 12692 ||| DROPPING ring of positive energy.
 12693 | D:9      | 12693 ||| READING scroll labelled ZALUM BAONN.
 12694 | D:9      | 12694 ||| READING 5 scrolls of identify.
 12694 | D:9      | 12694 ||| IDENTIFYING fuming grey potion
 12697 | D:10     | 12697 ||| STAIRDANCE
 12793 | D:10     | Noticed a red ugly thing
 12804 | D:10     | Killed a red ugly thing
 13058 | D:10     | 13058 ||| PLANNING LAIR
 13099 | Lair:1   | Entered Level 1 of the Lair of Beasts
 13099 | Lair:1   | Noticed Nergalle
 13101 | Lair:1   | 13101 ||| Stepping ~*~*~tactically~*~*~ (hiding).
 13116 | Lair:1   | HP: 14/77 [spectral orc warrior/+0 halberd[Nergalle] (8)]
 13117 | Lair:1   | 13117 ||| DRINKING 2 potions of heal wounds.
 13119 | Lair:1   | 13119 ||| DRINKING potion of heal wounds.
 13121 | Lair:1   | HP: 15/77 [poisoned by a cane toad]
 13122 | Lair:1   | 13122 ||| INVOKING Draw Out Power.
 13124 | Lair:1   | Reached skill level 9 in Fighting
 13125 | Lair:1   | HP: 5/75 [spectral orc warrior/+0 short sword[Nergalle]
                  | (7)]
 13126 | Lair:1   | HP: 1/75 [spectral orc warrior/+0 short sword[Nergalle]
                  | (2)]
 13127 | Lair:1   | Succumbed to a cane toad's poison

Levels and vault maps discovered:
D:1:      eino_arrival_water_cross, layout_basic, minmay_tetromino_l2
D:2:      layout_rooms, basic_altar, minmay_misc_feat_alley,
          serial_bayou_pond_a, grunt_decor_cap, uniq_robin, uniq_sigmund
D:3:      layout_basic, hellmonk_ecumenical_altar_crossroads,
          gammafunk_ghost_mausoleum, uniq_jessica
D:4:      layout_basic, fedhas_altar_decomposition, grunt_dithmenos_smoke,
          minmay_liquid_box, kennysheep_cross_room, nicolae_elevator_lobby_plus,
          uniq_edmund
D:5:      layout_cave_pods, nicolae_tso_swordbearing_angel,
          mainiacjoe_overflow_concentric_impassable, nicolae_shop_unique_rings,
          kennysheep_generic_room_13, uniq_menkaure
D:6:      layout_loops_ring, serial_rivers, chequers_serial_rivers_small_b,
          chequers_serial_rivers_micro_b, chequers_serial_rivers_small_b,
          chequers_serial_rivers_room_a, chequers_serial_rivers_large_b,
          chequers_serial_rivers_small_3, minmay_circle_x
D:7:      layout_basic, mainiacjoe_overflow_boulevard,
          mainiacjoe_overflow_catch_the_wave, minmay_temple_entry_waves,
          serial_shops, shop
D:8:      layout_loops_corners, mainiacjoe_overflow_catwalk,
          due_lair_maze_entry_diamond, corexii_leaking_fountain, uniq_maggie
D:9:      layout_roguey, lemuel_doored_altar, enter_bailey_5, uniq_erica,
          uniq_amaemon
D:10:     minmay_cornered_nines, layout_irregular_city, lemuel_tele_altar,
          serial_column_ruins, column_ruins_hut, column_ruins_open_medium,
          column_ruins_corridor_straight, column_ruins_grid_1,
          column_ruins_columns_corner, column_ruins_grid_4,
          column_ruins_corridor_straight, column_ruins_grid_3,
          serial_bayou_pond_b
Temple:   nicolae_temple_hex_pool
Lair:1:   layout_cave_pods, hellmonk_ghost_happy_afterlife, uniq_nergalle,
          uniq_grum

Skill      XL: |  1  2  3  4  5  6  7  8  9 10 11 |
---------------+----------------------------------+-----
Axes           | 3 4 5 7 9 10 12 15 14 | 15.0
Dodging        | 1 2 |  2.1
Fighting       | 4 5 6 7 9 8 |  9.1
Armour         | 4 5 6 6 7 |  7.1
Throwing       | 1 2 |  2.1
Shields        | 4 9 9 10 | 10.0

Action                   |  1- 3 |  4- 6 |  7- 9 | 10-12 || total
-------------------------+-------+-------+-------+-------++-------
Melee: War axe           |    70 |    84 |   334 |   273 ||   761
       Headbutt          |     5 |    10 |    59 |    60 ||   134
Throw: Boomerang         |       |    26 |    47 |    49 ||   122
       Javelin           |       |       |     5 |     5 ||    10
Invok: Draw Out Power    |       |       |       |     1 ||     1
       Sacrifice Experie |       |       |       |     1 ||     1
       Sacrifice Skill   |       |       |       |     1 ||     1
  Use: Scroll            |     2 |     9 |     7 |     9 ||    27
       Potion            |       |     4 |     2 |     3 ||     9
 Stab: Invisible         |       |       |       |     2 ||     2
Armor: Scale mail        |    41 |    17 |       |       ||    58
       Plate armour      |       |    11 |   164 |   116 ||   291
Dodge: Dodged            |    45 |    43 |   145 |    82 ||   315
Block: Buckler           |    17 |    20 |    52 |       ||    89
       Kite shield       |       |       |    29 |   125 ||   154

Table legend:
 A = Non-vault XP
 B = Vault XP
 C = Vault XP percentage of total XP
 D = Non-vault monster count
 E = Vault monster count
 F = Vault count percentage of total count
                 A         B        C        D         E       F
            +---------+---------+-------+---------+---------+-------
      Total |   11778 |    7690 |  39.5 |     221 |      49 |  18.1
            +---------+---------+-------+---------+---------+-------
        D:1 |      40 |      35 |  46.7 |      23 |      11 |  32.4
        D:2 |      53 |     233 |  81.5 |      24 |       5 |  17.2
        D:3 |      97 |      37 |  27.6 |      15 |       1 |   6.2
        D:4 |     255 |     171 |  40.1 |      13 |       1 |   7.1
        D:5 |     634 |     175 |  21.6 |      17 |       1 |   5.6
        D:6 |     938 |     457 |  32.8 |      24 |       5 |  17.2
        D:7 |     984 |       0 |   0.0 |      32 |       0 |   0.0
        D:8 |    1516 |    1950 |  56.3 |      25 |      12 |  32.4
        D:9 |    5353 |    2078 |  28.0 |      37 |       7 |  15.9
       D:10 |    1042 |    2554 |  71.0 |       8 |       6 |  42.9
     Lair:1 |     866 |       0 |   0.0 |       3 |       0 |   0.0
            +---------+---------+-------+---------+---------+-------
